 Dungeon Crawl Stone Soup version 0.29-a0-775-g4d7333d4e2 (webtiles) character file.

Game seed: 5002452588975987961

107 Pooter the Shooter (level 4, -1/38 HPs)
             Began as a Minotaur Hunter on July 1, 2022.
             Slain by a gnoll
             ... wielding a +0 spear
              (5 damage)
             ... on level 3 of the Dungeon.
             The game lasted 00:08:20 (1912 turns).

Pooter the Shooter (Minotaur Hunter)                Turns: 1912, Time: 00:08:22

Health: -1/38      AC:  9    Str: 17    XL:     4   Next: 56%
Magic:  3/3        EV:  7    Int:  6    God:
Gold:   103        SH:  0    Dex: 14    Spells: 3/3 levels left

rFire   . . .      SeeInvis .   b - +0 shortbow
rCold   . . .      Faith    .   (shield currently unavailable)
rNeg    . . .      Spirit   .   p - +0 chain mail
rPois   .          Reflect  .   (helmet restricted)
rElec   .          Harm     .   j - +0 cloak
rCorr   .          Rampage  .   (no gloves)
Will    +....                   (no boots)
Stlth   ..........              (no amulet)
HPRegen 0.12/turn               l - ring of willpower
MPRegen 0.08/turn               (no ring)

@: no status effects
A: horns 2, retaliatory headbutt
a: no special abilities


You were on level 3 of the Dungeon.
You visited 1 branch of the dungeon, and saw 3 of its levels.

You collected 103 gold pieces.

Inventory:

Hand Weapons
 a - a +0 mace
   (You took it off a goblin on level 2 of the Dungeon)
 b - a +0 shortbow (weapon)
Missiles
 c - 6 poisoned darts
 Q - 64 stones
Armour
 j - a +0 cloak (worn)
   (You found it on level 2 of the Dungeon)
 p - a +0 chain mail (worn)
   (You found it on level 3 of the Dungeon)
Jewellery
 g - an amulet of magic regeneration
   (You found it on level 1 of the Dungeon)
 l - a ring of willpower (left hand)
   (You found it on level 2 of the Dungeon)
Wands
 f - a wand of flame (16)
   (You found it on level 3 of the Dungeon)
Scrolls
 e - a scroll of summoning {unknown}
 h - a scroll of amnesia {unknown}
 k - a scroll of teleportation {unknown}
 o - a scroll of immolation {!r}
 q - a scroll of noise {unknown}
Potions
 d - 3 potions of heal wounds {unknown}
 i - 2 potions of curing {unknown}
 m - 2 potions of resistance {unknown}
 n - a potion of attraction {unknown}


   Skills:
 + Level 3.5 Fighting
 * Level 5.6 Ranged Weapons
 + Level 3.1 Dodging
 - Level 0.7 Stealth
 + Level 0.3 Evocations


You had 3 spell levels left.
You didn't know any spells.
Your spell library was empty.

Dungeon Overview and Level Annotations

Branches:
Dungeon (3/15)

Altars:


Innate Abilities, Weirdness & Mutations

You have a pair of horns on your head.
You reflexively headbutt those who attack you in melee.


Message History

You shoot an arrow. The arrow hits the kobold!
You kill the kobold!
You shoot an arrow. The arrow hits the endoplasm.
A bat comes into view.
The bat moves out of view.
You shoot an arrow. The arrow hits the endoplasm!
You kill the endoplasm!
You shoot an arrow. The arrow hits the bat.
You shoot an arrow. The arrow hits the bat!
You kill the bat!
c - 6 poisoned darts
Things that are here:
a +0 dagger; a kobold corpse
Found a scroll labelled PITUPL ETOPSIR.
A ball python comes into view.
You shoot an arrow. The ball python hisses angrily.
The arrow hits the ball python but does no damage.
You shoot an arrow. The arrow hits the ball python.
You kill the ball python!
q - a scroll labelled PITUPL ETOPSIR
Okay, then.
You now have 103 gold pieces (gained 10).
You shoot an arrow. The gnoll shouts!
The arrow hits the gnoll.
You shoot an arrow. The arrow closely misses the gnoll.
The gnoll shouts!
You shoot an arrow. The arrow closely misses the gnoll.
The arrow hits the gnoll.
There is a stone staircase leading up here.
You shoot an arrow. The arrow hits the gnoll!
The gnoll hits you from afar with a +0 spear. x2
You shoot an arrow. The arrow hits the gnoll.
The gnoll hits you but does no damage.
You shoot an arrow. The arrow barely misses the gnoll.
The arrow closely misses the gnoll.
The gnoll hits you but does no damage. x2
The gnoll hits you from afar with a +3 halberd!
You shoot an arrow.
The arrow hits the gnoll but does no damage.
The gnoll hits you from afar with a +3 halberd!
* * * LOW HITPOINT WARNING * * *
The gnoll hits you from afar with a +0 spear.
* * * LOW HITPOINT WARNING * * *
The gnoll hits you from afar with a +3 halberd.
* * * LOW HITPOINT WARNING * * *
The gnoll hits you but does no damage. The gnoll barely misses you.
The gnoll hits you but does no damage.
The gnoll hits you from afar with a +0 spear.
You die...

..###.....g....#.# ..#
#[..##.##....# ..#
#...##.##...## ..#
#......##.#.##
..###...#........##
......#.#..#.#.#..#
####.....#.....#..##
#.#...###..g##..#
#.#........g.@..#####
..##.......g.)......#
#####.รท>.......####.#
#..........#
#............
#..........###
#.>........#
...........#
..........


You could see 3 gnolls.

Vanquished Creatures
  A gnoll (D:2)
  3 adders
  3 dart slugs
  3 endoplasms
  3 giant cockroaches
  4 goblins
  6 hobgoblins
  8 jackals
  4 kobolds
  4 quokkas
  4 ball pythons
  4 bats
  4 frilled lizards
  9 rats
60 creatures vanquished.

Notes
Turn   | Place    | Note
-------+----------+-------------------------------------------
     0 | D:1      | Pooter the Minotaur Hunter began the quest for the Orb.
     0 | D:1      | Reached XP level 1. HP: 18/18 MP: 0/0
   133 | D:1      | Reached XP level 2. HP: 25/25 MP: 1/1
   509 | D:2      | Reached skill level 5 in Ranged Weapons
   517 | D:2      | Reached XP level 3. HP: 31/31 MP: 2/2
  1343 | D:3      | Reached XP level 4. HP: 34/38 MP: 3/3
  1912 | D:3      | Slain by a gnoll

Illustrated notes

Levels and vault maps discovered:
D:1:      minmay_arrival_widening_spiral_wide, layout_rooms,
          hangedman_abyss_or_decor_lesser_grid, lemuel_old_faithful
D:2:      layout_loops_cross, minmay_liquid_box, grunt_ministairs_2
D:3:      layout_rooms, nicolae_ru_the_path_less_chosen,
          gammafunk_ghost_stat_death

Skill      XL: |  1  2  3 |
---------------+----------+-----
Ranged Weapons | 5 |  5.6
Fighting       | 3 |  3.5
Dodging        | 3 |  3.1
Stealth        | |  0.7
Evocations     | |  0.3

Action                   |  1- 3 |  4- 6 || total
-------------------------+-------+-------++-------
Melee: Whip              |    18 |       ||    18
       Headbutt          |     2 |     1 ||     3
       Mace              |     3 |     9 ||    12
 Fire: Shortbow          |   108 |    30 ||   138
Armor: Leather armour    |    13 |     2 ||    15
       Chain mail        |       |     9 ||     9
Dodge: Dodged            |    35 |    13 ||    48

Table legend: (Time is in decaauts)
 A = Elapsed time spent in this place.
 B = Non-inter-level travel time spent in this place.
 C = Inter-level travel time spent in this place.
 D = Time resting spent in this place.
 E = Time spent auto-exploring this place.
 F = Levels seen in this place.
 G = Mean time per level.
                   A        B        C        D        E       F      G
               +--------+--------+--------+--------+--------+-----+--------+
         Total |   1950 |   1840 |    110 |    263 |   1168 |   3 |  650.0 |
       Dungeon |   1950 |   1840 |    110 |    263 |   1168 |   3 |  650.0 |
               +--------+--------+--------+--------+--------+-----+--------+

Top non-repeatable levels by time:
     D:2: 1162 daAuts
     D:1: 491 daAuts
     D:3: 296 daAuts
